Map: Habitation Station LE (Void)

Players

NoBraphouX - Winner!

  • Race: Zerg Zerg
  • League: Diamond
  • Spawn Location: 1:00

Musumeci

  • Race: Zerg Zerg
  • League: Diamond
  • Spawn Location: 11:00

VOD

Have the link to the VOD?

Description

Time

  • Played on: Dec. 28, 2016, 2:04 p.m.
  • Length: 5:51
Show
View Real Time Build Order
Export as new Build Order

NoBraphouX Zerg - Winner!

Build Orders: Hatch First 

Get SALT Encoding   

  12  0:01  Drone  
  13  0:12  Overlord  
  13  0:16  Drone  
  14  0:25  Drone, Extractor  
  15  0:33  Drone  
  15  0:35  Drone  
  17  0:55  Hatchery  
  16  0:57  Drone  
  16  1:00  Extractor  
  16  1:02  Drone  
  17  1:17  Spawning Pool  
  16  1:24  Drone, Extractor  
  16  1:25  Drone  
  19  1:34  Extractor  
  19  1:37  Drone  
  19  1:42  Overlord  
  19  2:00  Drone x2  
  21  2:04  Queen  
  23  2:09  Queen  
  23  2:11  Spine Crawler  
  23  2:13  Drone  
  25  2:17  Drone  
  25  2:22  Drone  
  27  2:25  Drone  
  28  2:30  Drone  
  28  2:33  Drone  
  30  2:40  Queen  
  32  2:51  Zergling x4  
  32  2:52  Zergling x2  
  32  2:54  Drone  
  36  3:04  Metabolic Boost  
  36  3:08  Zergling x2, Baneling Nest  
  36  3:18  Evolution Chamber  
  35  3:21  Evolution Chamber  
  34  3:35  Drone x2  
  34  3:37  Overlord  
  36  3:46  Zergling x2  
  36  4:04  Drone, Roach Warren  
  36  4:05  Drone x5  
  41  4:16  Zergling x8  
  43  4:20  Baneling x3  
  43  4:24  Extractor  
  43  4:25  Overlord  
  42  4:37  Zergling x2  
  43  4:38  Overlord  
  43  4:43  Queen  
  45  4:54  Zergling x2  
  45  4:55  Zergling x8  
  45  4:57  Drone  
  51  5:00  Hatchery  
  50  5:21  Zergling x14  
  56  5:31  Zergling x2  
  56  5:32  Zergling x2  
  59  5:47  Hatchery  
Show
View Real Time Build Order
Export as new Build Order

Musumeci Zerg 

Build Orders: Hatch First 

Get SALT Encoding   

  12  0:02  Drone  
  13  0:08  Drone  
  14  0:18  Drone, Extractor  
  15  0:21  Overlord  
  15  0:33  Extractor  
  14  0:42  Drone x2  
  17  0:57  Hatchery  
  16  0:59  Drone  
  16  1:02  Extractor  
  16  1:04  Drone  
  17  1:18  Evolution Chamber  
  16  1:26  Spawning Pool  
  16  1:30  Evolution Chamber  
  16  1:31  Drone  
  16  1:39  Drone x2  
  18  1:42  Drone  
  20  1:59  Drone  
  20  2:04  Drone  
  21  2:13  Queen x2  
  25  2:16  Metabolic Boost  
  25  2:20  Overlord  
  25  2:24  Zergling x2  
  26  2:34  Zergling x4  
  28  2:39  Zergling x4  
  30  2:49  Zergling x2  
  30  2:50  Zergling x2  
  32  3:01  Zergling x4  
  34  3:08  Zergling x2  
  34  3:10  Overlord  
  34  3:18  Baneling Nest  
  34  3:19  Zergling x4  
  35  3:24  Evolution Chamber  
  34  3:27  Zergling x2  
  34  3:30  Zergling x8  
  39  3:46  Zergling x10  
  35  3:58  Drone  
  35  3:59  Drone x3  
  36  4:26  Drone x5  
  38  5:23  Drone x5  
  38  5:24  Drone  
  42  5:32  Overlord x3  
Tags
 
Add a new tag
Caveats
  • Supply blocks, unpowered buildings, or Contaminate may cause inaccurate times.
  • Supply counts are checked every 10 seconds.